 Dungeon Crawl Stone Soup version 0.26.1-11-gd32895ea62 (webtiles) character file.

Game seed: 9731385500098178193

11 Zeld the Ogre Mage (level 2, -2/26 HPs)
             Began as an Ogre Hedge Wizard on June 6, 2021.
             Slain by a gnoll
             ... wielding a +0 halberd
              (7 damage)
             ... on level 1 of the Dungeon on June 7, 2021.
             The game lasted 00:02:28 (693 turns).

Zeld the Ogre Mage (Ogre Hedge Wizard)               Turns: 693, Time: 00:02:28

Health: -2/26      AC:  3    Str: 13    XL:     2   Next: 29%
Magic:  2/6        EV: 10    Int: 15    God:
Gold:   19         SH:  0    Dex:  8    Spells: 7/8 levels left

rFire    . . .     SeeInvis .   a - +0 dagger
rCold    . . .     Faith    .   (no shield)
rNeg     . . .     Spirit   .   b - +0 robe
rPois    .         Reflect  .   c - +0 hat
rElec    .         Harm     .   (no cloak)
rCorr    .         Rampage  .   (gloves unavailable)
Will     .....                  (boots unavailable)
Stlth    +.........             (no amulet)
HPRegen  0.08/turn              (no ring)
MPRegen  0.10/turn              (no ring)

@: no status effects
A: large, unfitting armour, tough skin 1
a: no special abilities


You were on level 1 of the Dungeon.
You visited 1 branch of the dungeon, and saw 1 of its levels.

You collected 19 gold pieces.

Inventory:

Hand Weapons
 a - a +0 dagger (weapon)
Armour
 b - a +0 robe (worn)
 c - a +0 hat (worn)
Scrolls
 e - a scroll of immolation {unknown}
Potions
 d - a potion of berserk rage {unknown}


   Skills:
 + Level 0.6 Fighting
 + Level 2.0 Dodging
 - Level 1.4 Stealth
 * Level 3.8 Spellcasting
 * Level 1.3 Conjurations
 - Level 0.8 Summonings
 - Level 0.8 Translocations


You had 7 spell levels left.
You knew the following spells:

 Your Spells              Type           Power        Failure   Level
a - Magic Dart            Conj           24%          11%         1

Your spell library contained the following spells:

 Spells                   Type           Power        Failure   Level
 Blink                    Tloc           N/A          21%         2
 Call Imp                 Summ           5%           21%         2
 Slow                     Hex            2%           28%         2
 Conjure Flame            Conj/Fire      4%           38%         3
 Mephitic Cloud           Conj/Pois/Air  4%           43%         3


Dungeon Overview and Level Annotations

Branches:
Dungeon (1/15)

Altars:


Innate Abilities, Weirdness & Mutations

You are too large for most types of armour.
You have tough skin. (AC +1)


Message History

Aiming: Magic Dart (safe; 11% risk of failure)
Press: ? - help, Shift-Dir - straight line, f/p - gnoll
Aim: a gnoll, wielding a +0 halberd (heavily wounded, 0% to evade)
You miscast Magic Dart.
You are very lightly contaminated with residual magic.
Nothing appears to happen.
The gnoll barely misses you.
Unknown command.
Casting: Magic Dart (safe; 11% risk of failure)
Confirm with . or Enter, or press ? or * to list all spells.
Aiming: Magic Dart (safe; 11% risk of failure)
Press: ? - help, Shift-Dir - straight line, f/p - gnoll
Aim: a gnoll, wielding a +0 halberd (heavily wounded, 0% to evade)
The magic dart hits the gnoll but does no damage.
The gnoll is heavily wounded.
Unknown command.
Your magical contamination has completely faded away.
There is an open door here.
You open the door.
The gnoll hits you from afar with a +0 halberd!
You die...

........ ...##.#### #.#
.......... ##.## ...†##.#.
#...# ###.##.# #...# .......#
##...## ###.#### #+#
####..P..#### # #.(.
#...###...........###
######### #.'@.gr.P.<.P.....+
......... #####...........##
.###########.########..P..####
.# #................##...##
.###.##########...#.##...#
.#...................#...#
.#.#.#########.......##.##
.#.#...##............##.#
##g###.#.............##'#


You could see a gnoll and a rat.

Vanquished Creatures
  An ooze (D:1)
  2 giant cockroaches (D:1)
  2 frilled lizards (D:1)
  2 kobolds (D:1)
  2 rats (D:1)
9 creatures vanquished.

Notes
Turn   | Place    | Note
-------+----------+-------------------------------------------
     0 | D:1      | Zeld the Ogre Hedge Wizard began the quest for the Orb.
     0 | D:1      | Reached XP level 1. HP: 16/16 MP: 5/5
    70 | D:1      | Reached skill level 1 in Conjurations
   260 | D:1      | Reached XP level 2. HP: 26/26 MP: 1/6
   693 | D:1      | Slain by a gnoll

Illustrated notes

Levels and vault maps discovered:
D:1:      evilmike_arrival_plus, layout_basic

Skill      XL: |  1  2 |
---------------+-------+-----
Conjurations   | 1 |  1.3
Dodging        | 2 |  2.0
Fighting       | |  0.6
Stealth        | |  1.4
Spellcasting   | |  3.8
Summonings     | |  0.8
Translocations | |  0.8

Action                   || total
-------------------------++-------
Melee: Dagger            ||    25
 Cast: Magic Dart        ||    31
Armor: Robe              ||     4
Dodge: Dodged            ||    15
